 Dungeon Crawl Stone Soup version 0.30-a0-364-gf6b3ef1049 (webtiles) character file.

Game seed: 3368950887571790643

4943 vineage the Fighter (level 10, -1/68 HPs)
             Began as a Gargoyle Fighter on Nov 10, 2022.
             Was a Priest of Okawaru.
             Slain by a wight
             ... wielding a +5 morningstar of freezing
              (5 damage)
             ... on level 8 of the Dungeon on Nov 14, 2022.
             The game lasted 00:12:32 (8790 turns).

vineage the Fighter (Gargoyle Fighter)              Turns: 8790, Time: 00:12:33

Health: -1/68      AC: 24    Str: 24      XL:     10   Next: 52%
Magic:  10/10      EV:  5    Int: 11 (12) God:    Okawaru [***...]
Gold:   314        SH:  9    Dex:  8      Spells: 9/9 levels left

rFire   . . .      SeeInvis .    p - +3 flail (drain)
rCold   . . .      Faith    .    k - +0 kite shield
rNeg    + . .      Spirit   .    g - +0 plate armour
rPois   ∞          Reflect  .    (no helmet)
rElec   +          Harm     .    t - +0 cloak
rCorr   .          Rampage  .    e - +0 pair of gloves
Will    +....                    i - +0 pair of boots
Stlth   ..........               (no amulet)
HPRegen 0.31/turn                l - +4 ring of slaying
MPRegen 0.12/turn                j - ring of willpower

@: no status effects
A: sickness immunity, AC +7, negative energy resistance 1, electricity
resistance, torment resistance 1, petrification resistance, clever 1,
deterioration 1, wild magic 1
a: Renounce Religion, Heroism


You were on level 8 of the Dungeon.
You worshipped Okawaru.
Okawaru was most pleased with you.
You visited 2 branches of the dungeon, and saw 9 of its levels.

You collected 314 gold pieces.

Inventory:

Hand Weapons
 a - a +0 flail
 b - a +0 whip of electrocution
 m - a +1 flail of protection
 p - a +3 flail of draining (weapon)
Armour
 e - a +0 pair of gloves (worn)
 g - a +0 plate armour (worn)
 i - a +0 pair of boots (worn)
 k - a +0 kite shield (worn)
 t - a +0 cloak (worn)
Jewellery
 j - a ring of willpower (right hand)
 l - a +4 ring of slaying (left hand)
 u - an amulet of guardian spirit
 v - a ring of magical power
 w - a ring of ice
Wands
 B - a wand of iceblast (9)
Scrolls
 d - 3 scrolls of teleportation
 s - a scroll of blinking
 y - 2 scrolls of fear
 A - a scroll of identify
Potions
 c - 2 potions of degeneration
 f - a potion of haste {unknown}
 h - a potion of heal wounds
 n - 4 potions of curing
 o - 2 potions of brilliance {unknown}
 q - a potion of mutation
 r - a potion of invisibility
 x - a potion of lignification {unknown}
 z - 4 potions of flight


   Skills:
 * Level 10.6 Fighting
 * Level 8.1 Maces & Flails
 + Level 7.9 Armour
 + Level 7.8 Shields


You had 9 spell levels left.
You didn't know any spells.
Your spell library contained the following spells:

 Spells                   Type           Power      Damage    Failure   Level
 Sandblast                Erth           0%         2d4       100%        1
 Ensorcelled Hibernation  Hex/Ice        0%         N/A       100%        2
 Passwall                 Tmut/Erth      0%         N/A       100%        2
 Stone Arrow              Conj/Erth      0%         3d7       100%        3
 Swiftness                Air            0%         N/A       100%        3


Dungeon Overview and Level Annotations

Branches:
Dungeon (8/15)             Temple (1/1) D:4
   Lair: D:8-11

Altars:
Ashenzari
Cheibriados
Dithmenos
Elyvilon
Fedhas
Gozag
Hepliaklqana
Kikubaaqudgha
Makhleb
Nemelex Xobeh
Okawaru
Qazlal
Ru
Sif Muna
Trog
Uskayaw
Vehumet
Wu Jian
Xom
Yredelemnul
Zin
The Shining One

Shops:
D:1 !

Annotations:
D:8 2 transporters


Innate Abilities, Weirdness & Mutations

You are immune to sickness and miasma.
Your stone body is resilient. (AC +7)
You are immune to poison.
You resist negative energy. (rN+)
You are resistant to electric shocks. (rElec)
You are resistant to unholy torment.
You are immune to petrification.
Your mind is acute. (Int +4, Str/Dex -1)
Your body sometimes deteriorates upon taking damage.
Your spells are a little harder to cast, but a little more powerful.


Message History

The wight attacks as you move away! You block the wight's attack.
Something hits you. Something hits you but does no damage.
There is an open door here.
The wight attacks as you move away! The wight hits you but does no damage.
Something hits you but does no damage. Something hits you but does no damage.
You block the wight's attack.
You sock the wight!
The wight is severely damaged.
Something hits you but does no damage.
You closely miss the wight. Something hits you but does no damage.
The wight hits you but does no damage. You block the wight's attack.
You thump the wight!
The wight is heavily damaged.
Something hits you but does no damage. The wight barely misses you.
You block the wight's attack.
You hit the wight but do no damage.
The wight is heavily damaged.
Something hits you but does no damage. The wight hits you but does no damage.
You block the wight's attack.
You barely miss the wight.
The wight is heavily damaged.
Something hits you but does no damage. You block something's attack.
The wight hits you with a +5 short sword of freezing.
The wight freezes you.
The wight hits you with a +5 morningstar of freezing.
The wight freezes you.
* * * LOW HITPOINT WARNING * * *
You hit the wight but do no damage.
The wight is severely damaged.
The wight barely misses you. You block the wight's attack.
Something hits you but does no damage.
You bludgeon the wight!!
You destroy the wight!
Okawaru accepts your kill. You block something's attack.
The wight hits you with a +5 morningstar of freezing!
* * * LOW HITPOINT WARNING * * *
Your body deteriorates!
You feel dopey. The wight freezes you.
You die...

......... #....#..#z......
......... #....#..#.......
......... #....#..#.......
......... #....+..#.......
#.####..# #....#..z.......
#.#####+#####....#..#.......
...'.....'..'....#.)#.......
...#.....#..#...)#..#.......
.###..#######...@z).#....###
.###'##..........#..#....#
......#..........#..#....#
###.###..........#..#....#
#≈#'#~##.........#..#
#_..._#######....#..#
####### #....#..# ..#
#....#..# ..# ##+##..#


You could see a wight.

Vanquished Creatures
  Pikel (D:5)
  A cyclops (D:6)
  Eustachio (Temple)
  Sigmund (D:3)
  A wraith (D:6)
  A steam dragon (D:7)
  Menkaure (D:6)
  Edmund (D:4)
  Duvessa (D:5)
  A sky beast (D:7)
  An orc warrior (D:8)
  2 ice beasts
  An ogre (D:4)
  5 centaurs
  A phantom (D:4)
  2 lemures (D:5)
  Blork the orc (D:5)
  2 bullfrogs
  3 necrophages
  A scorpion (D:4)
  4 wights (D:8)
  Dowan (D:5)
  6 killer bees
  6 howler monkeys
  An electric eel (D:6)
  A jelly (D:5)
  8 hounds
  6 orc priests
  Crazy Yiuf (D:4)
  A gnoll bouda (D:7)
  5 iguanas
  5 orc wizards
  15 gnolls
  7 adders
  A shadow imp (D:6)
  2 white imps
  An ufetubus (D:7)
  A worm (D:2)
  2 dart slugs (D:3)
  29 orcs
  7 ball pythons
  8 bats
  10 endoplasms
  2 giant cockroaches (D:4)
  7 goblins
  7 hobgoblins
  5 jackals
  4 quokkas
  2 frilled lizards (D:1)
  9 kobolds
  2 rats (D:1)
195 creatures vanquished.

Notes
Turn   | Place    | Note
-------+----------+-------------------------------------------
     0 | D:1      | vineage the Gargoyle Fighter began the quest for the Orb.
     0 | D:1      | Reached XP level 1. HP: 14/14 MP: 1/1
   173 | D:1      | Reached XP level 2. HP: 19/19 MP: 2/2
   545 | D:1      | Reached XP level 3. HP: 24/24 MP: 3/3
   600 | D:1      | Found Kiat Uti's Distillery.
  1154 | D:2      | Reached skill level 4 in Fighting
  1504 | D:2      | Gained mutation: Your flesh is heat resistant. (rF+)
                  | [potion of mutation]
  1504 | D:2      | Gained mutation: Your mind is acute. (Int +4, Str/Dex -1)
                  | [potion of mutation]
  1504 | D:2      | Gained mutation: You have hidden genetic potential. [potion
                  | of mutation]
  1504 | D:2      | Gained mutation: Your spells are a little harder to cast,
                  | but a little more powerful. [potion of mutation]
  1529 | D:2      | Reached XP level 4. HP: 29/29 MP: 4/4
  1684 | D:2      | Gained mutation: You are agile. (Dex +4, Str/Int -1)
                  | [hidden potential]
  1691 | D:2      | Reached XP level 5. HP: 16/34 MP: 5/5
  1891 | D:2      | You fall into a shaft and drop 1 floor!
  1950 | D:3      | Identified the +1 robe of the Earth {Dex+4}
  2139 | D:3      | Gained mutation: You expend magic power (3 MP) to
                  | strengthen your wands. [hidden potential]
  2139 | D:3      | Lost mutation: You have hidden genetic potential. [hidden
                  | potential expressed]
  2153 | D:3      | Lost mutation: You are agile. (Dex +4, Str/Int -1) [potion
                  | of mutation]
  2153 | D:3      | Lost mutation: Your flesh is heat resistant. (rF+) [potion
                  | of mutation]
  2153 | D:3      | Lost mutation: You expend magic power (3 MP) to strengthen
                  | your wands. [potion of mutation]
  2153 | D:3      | Gained mutation: Your body sometimes deteriorates upon
                  | taking damage. [potion of mutation]
  2154 | D:3      | Upgraded the game from 0.30-a0-358-g0d69a1922f to
                  | 0.30-a0-364-gf6b3ef1049
  2201 | D:3      | Found a sacrificial altar of Ru.
  2544 | D:3      | Reached skill level 5 in Fighting
  2596 | D:3      | Reached XP level 6. HP: 40/40 MP: 6/6
  2947 | D:4      | Found a staircase to the Ecumenical Temple.
  2991 | Temple   | Entered the Ecumenical Temple
  3153 | D:4      | Noticed Eustachio
  3914 | Temple   | Killed Eustachio
  3915 | Temple   | Reached skill level 6 in Fighting
  3915 | Temple   | Reached XP level 7. HP: 33/46 MP: 7/7
  3992 | D:4      | Noticed Sigmund
  4163 | D:3      | Reached skill level 5 in Armour
  4163 | D:3      | Reached skill level 5 in Shields
  4474 | D:3      | Killed Sigmund
  4611 | D:4      | Noticed Edmund
  4623 | D:4      | Killed Edmund
  4624 | D:4      | Reached XP level 8. HP: 48/52 MP: 8/8
  4649 | D:4      | Found a bloodstained altar of Trog.
  4882 | D:4      | Reached skill level 7 in Fighting
  5017 | D:4      | Found a runed translucent door.
  5018 | D:4      | Noticed Crazy Yiuf
  5132 | D:4      | Killed Crazy Yiuf
  5168 | D:5      | Entered Level 5 of the Dungeon
  5202 | D:5      | Noticed Dowan
  5203 | D:5      | Noticed Duvessa
  5210 | D:5      | Killed Dowan
  5220 | D:5      | Killed Duvessa
  5500 | D:5      | Reached skill level 8 in Fighting
  5500 | D:5      | Reached skill level 5 in Maces & Flails
  5576 | Temple   | Became a worshipper of Warmaster Okawaru
  5755 | D:5      | Found a white marble altar of Elyvilon.
  5816 | D:5      | Reached XP level 9. HP: 59/60 MP: 9/9
  5836 | D:5      | Noticed Blork the orc
  5842 | D:5      | Killed Blork the orc
  6194 | D:6      | Noticed Pikel
  6375 | D:6      | Noticed a cyclops
  6404 | D:5      | Killed Pikel
  6404 | D:5      | Reached * piety under Okawaru
  6405 | D:5      | Reached skill level 9 in Fighting
  6429 | D:6      | Killed a cyclops
  6429 | D:6      | Reached ** piety under Okawaru
  6988 | D:6      | Found an ancient bone altar of Kikubaaqudgha.
  7026 | D:6      | Noticed Menkaure
  7033 | D:6      | Killed Menkaure
  7246 | D:6      | Found a burning altar of Makhleb.
  7249 | D:6      | Reached XP level 10. HP: 66/68 MP: 10/10
  7257 | D:6      | Found an ornate altar of the Wu Jian Council.
  7476 | D:7      | Reached skill level 10 in Fighting
  7506 | D:7      | Reached *** piety under Okawaru
  7884 | D:7      | Found an opulent altar of Gozag.
  8329 | D:8      | Found a basalt altar of Yredelemnul.
  8474 | D:8      | Found a blossoming altar of Fedhas.
  8474 | D:8      | Found a shadowy altar of Dithmenos.
  8682 | D:8      | Found a transporter.
  8683 | D:8      | Found a transporter.
  8745 | D:8      | Identified the ring "Jeisod" {Contam rF+ Dex+6 Slay+5}
  8790 | D:8      | Slain by a wight

Illustrated notes

Levels and vault maps discovered:
D:1:      kilobyte_arrival_exit_the_forest, layout_basic, serial_shops, shop
D:2:      layout_rooms
D:3:      layout_basic, lemuel_round_altar
D:4:      wander_river, layout_gridville, old_standard_altar,
          minmay_temple_entry_mist, uniq_sigmund, uniq_crazy_yiuf_cottage,
          uniq_eustachio, uniq_edmund
D:5:      layout_gridville, kennysheep_mini_moat, uniq_blork_the_orc,
          uniq_duvessa
D:6:      layout_gridville, nicolae_kikubaaqudgha_miasma_corner,
          nicolae_overflow_squiral, uniq_pikel, uniq_menkaure
D:7:      layout_loops_cross, mainiacjoe_overflow_catwalk
D:8:      gammafunk_boulding_lane, layout_gridville,
          mainiacjoe_overflow_boulevard, gammafunk_temple_overflow_elements,
          minmay_starry_boxes
Temple:   nicolae_temple_bog_church

Skill      XL: |  1  2  3  4  5  6  7  8  9 10 |
---------------+-------------------------------+-----
Fighting       | 4 5 6 8 9 10 | 10.6
Armour         | 4 5 6 7 |  7.9
Shields        | 4 5 6 7 |  7.8
Maces & Flails | 3 4 5 7 8 |  8.1

Action                   |  1- 3 |  4- 6 |  7- 9 | 10-12 || total
-------------------------+-------+-------+-------+-------++-------
Melee: Flail             |   137 |    36 |   187 |   152 ||   512
       Whip              |       |   213 |    20 |       ||   233
  Use: Scroll            |     4 |     3 |     3 |     5 ||    15
       Potion            |     1 |     6 |       |       ||     7
Armor: Scale mail        |   104 |       |       |       ||   104
       Plate armour      |       |   289 |   193 |   158 ||   640
Dodge: Dodged            |    80 |    71 |    45 |    41 ||   237
Block: Buckler           |    31 |       |       |       ||    31
       Kite shield       |       |   179 |   110 |   101 ||   390

Table legend: (Time is in decaauts)
 A = Elapsed time spent in this place.
 B = Non-inter-level travel time spent in this place.
 C = Inter-level travel time spent in this place.
 D = Time resting spent in this place.
 E = Time spent auto-exploring this place.
 F = Levels seen in this place.
 G = Mean time per level.
                   A        B        C        D        E       F      G
               +--------+--------+--------+--------+--------+-----+--------+
         Total |   9015 |   8579 |    436 |   1950 |   4863 |   9 | 1001.7 |
       Dungeon |   8385 |   8000 |    385 |   1572 |   4739 |   8 | 1048.1 |
        Temple |    630 |    580 |     50 |    378 |    124 |   1 |  630.0 |
               +--------+--------+--------+--------+--------+-----+--------+

Top non-repeatable levels by time:
     D:3: 1583 daAuts
     D:4: 1235 daAuts
     D:5: 1194 daAuts
     D:1: 1092 daAuts
     D:6: 1036 daAuts
     D:7: 894 daAuts
     D:2: 872 daAuts
  Temple: 630 daAuts
     D:8: 476 daAuts
